 Dungeon Crawl Stone Soup version 0.29.0-15-g675c0067aa (webtiles) character file.

Game seed: 9796362774254161723

1 qw the Sneak (level 1, 0/14 HPs)
             Began as a Gargoyle Delver on Sept 11, 2022.
             Slain by a white imp (1 damage)
             ... on level 5 of the Dungeon.
             The game lasted 00:00:02 (54 turns).

qw the Sneak (Gargoyle Delver)                        Turns: 54, Time: 00:00:02

Health: 0/14       AC:  5    Str: 15    XL:     1   Next: 20%
Magic:  1/1        EV: 11    Int: 10    God:
Gold:   0          SH:  0    Dex: 11    Spells: 0/0 levels left

rFire   . . .      SeeInvis .   a - +0 hand axe
rCold   . . .      Faith    .   (no shield)
rNeg    + . .      Spirit   .   b - +0 leather armour
rPois   inf        Reflect  .   (no helmet)
rElec   +          Harm     .   (no cloak)
rCorr   .          Rampage  .   (no gloves)
Will    .....                   (no boots)
Stlth   +++.......              (no amulet)
HPRegen 0.04/turn               (no ring)
MPRegen 0.07/turn               (no ring)

@: no status effects
A: sickness immunity, AC +2, negative energy resistance 1, electricity
resistance, torment resistance 1, petrification resistance
a: no special abilities


You were on level 5 of the Dungeon.
You visited 1 branch of the dungeon, and saw 1 of its levels.


Innate Abilities, Weirdness & Mutations

You are immune to sickness and miasma.
Your stone body is resilient. (AC +2)
You are immune to poison.
You resist negative energy. (rN+)
You are resistant to electric shocks. (rElec)
You are resistant to unholy torment.
You are immune to petrification.


   Skills:
 - Level 3.2 Fighting
 + Level 1.9 Axes
 - Level 1.5 Dodging
 - Level 5.4 Stealth


You couldn't memorise any spells.
You didn't know any spells.
Your spell library was empty.

Inventory:

Hand Weapons
 a - a +0 hand axe (weapon)
Armour
 b - a +0 leather armour (worn)
Wands
 g - a wand of digging (3)
Scrolls
 c - a scroll of fog
 d - a scroll of magic mapping
 e - a scroll of fear
Potions
 f - a potion of haste
 h - 2 potions of might {unknown}

Dungeon Overview and Level Annotations

Branches:
Dungeon (5/15)
 Temple: D:4-7

Altars:


Message History

0 ||| PLANNING D:1-11 You open the door.
A quokka comes into view.
There is an open door here.
You hit the quokka but do no damage. The quokka closely misses you.
You hit the quokka.
You kill the quokka!
h - 2 fuming orange potions You see here a quokka corpse.
A white imp comes into view.
The white imp shouts!
You hear a shout!
The white imp gestures at you. The puff of frost hits you.
47 ||| Stepping ~*~*~tactically~*~*~ (hiding).
The white imp gestures at you. The puff of frost misses you.
An orc comes into view. It is wielding a +0 club.
The white imp hits you but does no damage.
You closely miss the white imp. The white imp gestures at you.
The puff of frost hits you!
Ouch! That really hurt!
You hit the white imp.
The white imp is lightly wounded.
The white imp hits you but does no damage.
You hit the white imp.
The white imp is lightly wounded.
The white imp barely misses you.
The white imp hits you but does no damage.
The orc hits you with a +0 club.
You hit the white imp.
The white imp is heavily wounded.
You hit the orc but do no damage. The white imp closely misses you.
The orc hits you with a +0 club.
You hit the white imp but do no damage.
The white imp is heavily wounded.
You hit the orc. The white imp hits you.
You die...

############
#...........
######...........
#####................
#...............#####
####..............%#####
......5.77.........'....
#..o@77..#......#####
#..77....#.###### ....
7.....#.#
.##...........#
#...$......##
#.....###### ######


You could see a white imp and an orc.

Vanquished Creatures
  A quokka (D:5)
1 creature vanquished.

Notes
Turn   | Place    | Note
-------+----------+-------------------------------------------
     0 | D:5      | qw the Gargoyle Delver began the quest for the Orb.
     0 | D:5      | Reached XP level 1. HP: 14/14 MP: 1/1
     0 | D:5      | 0 ||| qw: Version: 0.1-a-118-gb4e7ce6
     0 | D:5      | 0 ||| qw: Game counter: 10269
     0 | D:5      | 0 ||| qw: Always use a shield: true
     0 | D:5      | 0 ||| qw: God list: Okawaru
     0 | D:5      | 0 ||| qw: Allow faded altars: false
     0 | D:5      | 0 ||| qw: Do Orc after D:15 true
     0 | D:5      | 0 ||| qw: Do second Lair branch before Depths: true
     0 | D:5      | 0 ||| qw: Lair rune preference: random
     0 | D:5      | 0 ||| qw: Plans: Normal
     0 | D:5      | 0 ||| PLANNING D:1-11
    47 | D:5      | 47 ||| Stepping ~*~*~tactically~*~*~ (hiding).
    52 | D:5      | HP: 2/14 [orc/+0 club (2)]
    54 | D:5      | Slain by a white imp

Levels and vault maps discovered:
D:5:      layout_basic, minmay_temple_entry_stoned_glass, nicolae_stop_n_shop_1,
          st_stairs_12, minmay_strange_pillars, chequers_garden,
          corexii_leaking_fountain, minmay_misc_feat_nine_boxes

Action                   || total
-------------------------++-------
Melee: Hand axe          ||     7
Armor: Leather armour    ||     3
Dodge: Dodged            ||     4

Table legend:
 A = Non-vault XP
 B = Vault XP
 C = Vault XP percentage of total XP
 D = Non-vault monster count
 E = Vault monster count
 F = Vault count percentage of total count
                 A         B        C        D         E       F
            +---------+---------+-------+---------+---------+-------
      Total |       2 |       0 |   0.0 |       1 |       0 |   0.0
            +---------+---------+-------+---------+---------+-------
        D:5 |       2 |       0 |   0.0 |       1 |       0 |   0.0
            +---------+---------+-------+---------+---------+-------
